 Dungeon Crawl Stone Soup version 0.17.0-9-g801d43b (webtiles) character file.

214 hadoken the Conjurer (level 5, -1/28 HPs)
             Began as a Tengu Conjurer on Nov 9, 2015.
             Slain by Grinder (4 damage)
             ... while paralysed by Grinder
             ... on level 4 of the Dungeon.
             The game lasted 00:09:17 (3787 turns).

hadoken the Conjurer (Tengu Conjurer)               Turns: 3787, Time: 00:09:18

Health: -1/28      AC:  3    Str:  8    XL:     5   Next: 92%
Magic:  9/11       EV:  2    Int: 16    God:
Gold:   127        SH:  0    Dex: 15    Spells: 3 memorised, 4 levels left

rFire  . . .     SeeInvis .     k - +1 whip (elec)
rCold  . . .     Clarity  .     h - +0 leather armour
rNeg   . . .     SustAt   .     (no shield)
rPois  .         Gourm    .     (helmet restricted)
rElec  .         Spirit   .     (no cloak)
rCorr  .         Warding  .     (no gloves)
rMut   .         Stasis   .     (boots unavailable)
MR     .....                    (no amulet)
Stlth  ++........               (no ring)
                                (no ring)

@: paralysed, not resistant to hostile enchantments, unstealthy
A: beak, talons 3, able to fly 1
a: Fly


You were on level 4 of the Dungeon.
You were hungry.

You visited 1 branch of the dungeon, and saw 4 of its levels.

You collected 127 gold pieces.

Inventory:

Hand Weapons
 k - a +1 whip of electrocution (weapon)
Armour
 a - a +0 robe
 h - a +0 leather armour (worn)
Jewellery
 d - an uncursed ring of protection from magic {unknown}
Scrolls
 c - a scroll of teleportation {unknown}
 e - a scroll of fog {unknown}
 j - 5 scrolls of remove curse {unknown}
 l - 2 scrolls of identify {unknown}
 m - 2 scrolls of recharging {unknown}
 n - 2 scrolls of magic mapping {unknown}
 o - a scroll of fear {unknown}
 s - a scroll of amnesia {unknown}
 t - a scroll of random uselessness {unknown}
 u - a scroll of enchant armour {unknown}
 w - a scroll of immolation {unknown}
Potions
 p - a potion of curing {unknown}
 q - 2 potions of lignification {unknown}
 r - a potion of poison {unknown}
 v - a potion of ambrosia {unknown}
Books
 b - a book of Conjurations

   Spells                             Type                      Level
   a - Magic Dart                     Conjuration                  1
   b - Searing Ray                    Conjuration                  2
   c - Dazzling Spray                 Conjuration/Hexes            3
   d - Fulminant Prism                Conjuration/Hexes            4
   e - Iskenderun's Mystic Blast      Conjuration                  4
   f - Iskenderun's Battlesphere      Conjuration/Charms           5
Comestibles
 g - 2 beef jerkies
 i - a meat ration


   Skills:
 - Level 2.1 Dodging
 - Level 2.0 Stealth
 - Level 3.8 Spellcasting
 + Level 7.7 Conjurations


You had 4 spell levels left.
You knew the following spells:

 Your Spells              Type           Power        Failure   Level  Hunger
a - Magic Dart            Conj           ####         1%          1    None
b - Searing Ray           Conj           ####..       1%          2    ##.....
c - Iskenderun's Mystic   Conj           ####....     12%         4    ####...


Dungeon Overview and Level Annotations

Branches:
Dungeon (4/15)
 Temple: D:4-7

Altars:
Sif Muna

Annotations:
D:3 PeterLawrence's ghost, amateur GrFi; Sigmund
D:4 1 exclusion, Crazy Yiuf; Grinder


Innate Abilities, Weirdness & Mutations

You have a beak for a mouth.
You have claws for feet.
You can fly.


Message History

Aim: an ogre, wielding a giant club (severely wounded)
Okay, then.
Grinder shouts!
Grinder gestures.
Grinder blinks!
All of the chunks of flesh in your inventory have rotted away.
You are feeling hungry.
Grinder says, "Just stop there for a second..."
Grinder gestures.
Grinder blinks!
Grinder gestures at you.
You suddenly lose the ability to move!
Grinder hits you.
You writhe in agony.
Grinder hits you.
You writhe in agony.
Grinder hits you.
* * * LOW HITPOINT WARNING * * *
You writhe in agony.
* * * LOW HITPOINT WARNING * * *
Grinder hits you.
You die...

#...###.#.#.###.#(##
#...# ##.#.5####.##
#...# ###.......#
#...# #.#####.#
#...# #.# #.# #...#
#.# #.# #...# ..#
#.# #...# ### #.#
..).# #@# ).[## #5#
...####### #O#
...#.....# #.#
...#.....# #.#
...####..# #.# ..###
#..# #.#
..#<###..#######.#
.##..............#


You could see Grinder and an ogre.

Vanquished Creatures
  2 orc priests (D:4)
  Jessica (D:2)
  4 adders
  2 gnolls (D:3)
  An ooze (D:3)
  An adder zombie (D:2)
  10 orcs
  3 giant cockroaches (D:1)
  9 goblins
  7 hobgoblins
  3 quokkas
  A ball python (D:1)
  4 bats
  2 giant geckos
  A giant newt (D:1)
  4 kobolds
  5 rats
60 creatures vanquished.

Notes
Turn   | Place    | Note
--------------------------------------------------------------
     0 | D:1      | hadoken the Tengu Conjurer began the quest for the Orb.
     0 | D:1      | Reached XP level 1. HP: 10/10 MP: 4/4
   222 | D:1      | Reached XP level 2. HP: 15/15 MP: 4/6
   226 | D:1      | Learned a level 2 spell: Searing Ray
   789 | D:2      | Noticed Jessica
   791 | D:2      | Killed Jessica
   791 | D:2      | Reached XP level 3. HP: 19/19 MP: 7/9
  1088 | D:2      | Reached XP level 4. HP: 24/24 MP: 5/10
  1246 | D:2      | Learned a level 4 spell: Iskenderun's Mystic Blast
  1381 | D:2      | Found a deep blue altar of Sif Muna.
  1537 | D:3      | Noticed PeterLawrence's ghost (amateur GrFi)
  1856 | D:4      | Noticed Crazy Yiuf
  1903 | D:4      | Reached skill level 6 in Conjurations
  2202 | D:4      | Noticed Grinder
  2557 | D:3      | Gained mutation: You can fly. [Tengu growth]
  2557 | D:3      | Reached XP level 5. HP: 28/28 MP: 11/11
  3121 | D:3      | Noticed Sigmund
  3349 | D:4      | Reached skill level 7 in Conjurations
  3725 | D:4      | Noticed an ogre
  3782 | D:4      | Paralysed by Grinder for 6 turns
  3787 | D:4      | Slain by Grinder

Action                   |  1- 3 |  4- 6 || total
-------------------------+-------+-------++-------
Melee: Whip              |     9 |    34 ||    43
       Unarmed           |     8 |       ||     8
 Cast: Magic Dart        |    52 |    40 ||    92
       Searing Ray       |     1 |     8 ||     9
       Iskenderun's Myst |       |     5 ||     5
  Use: Potion            |       |     2 ||     2
 Stab: Sleeping          |     1 |       ||     1
  Eat: Chunk             |     1 |     5 ||     6
       Bread ration      |       |     1 ||     1
